 Dungeon Sprint DCSS version 0.29-a0-925-g0a7a3d12f8 (webtiles) character file.

Game seed: 14561629132860761612

380 Hipnos the Basher (level 6, 0/63 HPs)
             Began as a Troll Berserker on July 28, 2022.
             Was a Priest of Trog.
             Slain by a water moccasin (5 damage)
             ... in the Dungeon (Sprint II: "The Violet Keep of Menkaure").
             The game lasted 00:01:24 (138 turns).

Hipnos the Basher (Troll Berserker)                  Turns: 138, Time: 00:01:24

Health: 0/63       AC:  4    Str: 26    XL:     6   Next: 46%
Magic:  5/5        EV: 11    Int:  3    God:    Trog [***...]
Gold:   486        SH:  0    Dex:  9    Spells: 5/5 levels left

rFire   . . .      SeeInvis .   a - +0 mace
rCold   . . .      Faith    .   (no shield)
rNeg    . . .      Spirit   .   b - +0 animal skin
rPois   .          Reflect  .   (helmet restricted)
rElec   .          Harm     .   (no cloak)
rCorr   .          Rampage  .   (gloves unavailable)
Will    ++...      NoTele   +   (boots unavailable)
Stlth   +.........              (no amulet)
HPRegen 2.00/turn               (no ring)
MPRegen 0.09/turn               (no ring)

@: lethally poisoned (0 -> -1), strong-willed, on berserk cooldown, regenerating
A: large, unfitting armour, claws 3, regeneration 1, shaggy fur 1, tough skin 1,
frail 1, weak 1
a: Renounce Religion, Berserk, Trog's Hand


You were in the Dungeon.
You worshipped Trog.
Trog was most pleased with you.
You visited 1 branch You collected 486 gold pieces.

Inventory:

Hand Weapons
 a - a +0 mace (weapon)
Armour
 b - a +0 animal skin (worn)
Scrolls
 h - a scroll of blinking
Potions
 e - a potion of haste
 f - 2 potions of magic


   Skills:
 + Level 7.3 Fighting
 + Level 8.2 Maces & Flails
 + Level 6.7 Dodging


You had 5 spell levels left.
You didn't know any spells.
Your spell library was empty.

Dungeon Overview and Level Annotations

Branches:
Dungeon (1/1)

Altars:


Innate Abilities, Weirdness & Mutations

You are too large for most types of armour.
You have claws for hands.
Your natural rate of healing is unusually fast.
You are covered in fur. (AC +1)
You have tough skin. (AC +1)
You are frail. (-10% HP)
You are weak. (Str -2)


Message History

The water moccasin is heavily wounded.
You feel yourself speed up.
You feel very sick. The water moccasin bites you.
You are more poisoned.
The water moccasin poisons you! The water moccasin bites you.
Your skin crawls.
You feel strong-willed.
You feel very sick. The water moccasin bites you.
* * * LOW HITPOINT WARNING * * *
You are lethally poisoned!
The water moccasin poisons you!
You barely miss the water moccasin.
The water moccasin is heavily wounded.
* * * LOW HITPOINT WARNING * * *
You feel extremely sick. The water moccasin bites you.
* * * LOW HITPOINT WARNING * * *
The water moccasin closely misses you.
You feel much better.
You feel extremely sick. The water moccasin closely misses you.
You miss the water moccasin.
The water moccasin is heavily wounded.
You feel very sick.
The water moccasin bites you but does no damage.
Okay, then.
You miss the water moccasin.
The water moccasin is heavily wounded.
You feel very sick. The water moccasin bites you.
* * * LOW HITPOINT WARNING * * *
The water moccasin barely misses you.
Okay, then.
You hit the water moccasin.
The water moccasin is heavily wounded.
You feel very sick. The water moccasin bites you.
You die...

## #3# #
##S#### ##.
#@###.##
#..B##.##†..#
#+.<.'.##+
#$.B##.####
##. ##†## #
##.#.##
#..#..#
###.### #+#


You could see a neqoxec and a water moccasin.

Vanquished Creatures
  A neqoxec (D)
  4 scorpions (D)
  2 worms (D)
7 creatures vanquished.

Vanquished Creatures (others)
  A neqoxec (D)
1 creature vanquished.

Grand Total: 8 creatures vanquished

Notes
Turn   | Place    | Note
-------+----------+-------------------------------------------
     0 | D        | Hipnos the Troll Berserker began the quest for the Orb.
     0 | D        | Reached XP level 1. HP: 22/22 MP: 0/0
     1 | D        | Noticed a boulder beetle
     1 | D        | Noticed a boulder beetle
     5 | D        | Noticed a scorpion
     5 | D        | Noticed a scorpion
     5 | D        | Noticed a scorpion
     5 | D        | Noticed a scorpion
    13 | D        | Killed a scorpion
    14 | D        | Reached skill level 4 in Maces & Flails
    14 | D        | Reached XP level 2. HP: 32/33 MP: 1/1
    14 | D        | Reached XP level 3. HP: 39/40 MP: 2/2
    16 | D        | Killed a scorpion
    17 | D        | Reached skill level 5 in Fighting
    17 | D        | Reached skill level 5 in Maces & Flails
    17 | D        | Reached XP level 4. HP: 49/50 MP: 3/3
    20 | D        | Killed a scorpion
    20 | D        | Reached ** piety under Trog
    21 | D        | Reached skill level 6 in Maces & Flails
    21 | D        | Reached skill level 5 in Dodging
    21 | D        | Reached XP level 5. HP: 55/59 MP: 4/4
    28 | D        | Reached skill level 7 in Maces & Flails
    83 | D        | Reached *** piety under Trog
    92 | D        | Noticed a neqoxec
    99 | D        | Gained mutation: You are weak. (Str -2) [a neqoxec]
   104 | D        | Gained mutation: You are frail. (-10% HP) [a neqoxec]
   110 | D        | Killed a neqoxec
   111 | D        | Reached skill level 8 in Maces & Flails
   111 | D        | Reached XP level 6. HP: 57/63 MP: 5/5
   119 | D        | Killed a neqoxec
   123 | D        | Noticed a water moccasin
   125 | D        | Noticed a neqoxec
   134 | D        | HP: 3/63 [water moccasin (6)]
   138 | D        | Slain by a water moccasin

Illustrated notes

Levels and vault maps discovered:
D:        the_violet_keep_of_menkaure [sprint2_stairs_cluster_1,
          sprint2_shoproom, sprint2_temple, sprint2_basic_supplies,
          sprint2_obstacle_7, sprint2_obstacle_1, sprint2_obstacle_5,
          sprint2_obstacle_4, sprint2_obstacle_2, sprint2_timed_cluster_1,
          sprint2_smallroom_cluster_1, sprint2_smallroom_final_cluster_1,
          sprint2_transparent_cluster_1, sprint2_second_timed_cluster_1,
          sprint2_sniper_area_1, sprint2_heavy_combat_area_1,
          sprint2_mutation_trap_area_1, sprint2_forest_area_1,
          sprint2_light_combat_area_1, sprint2_behind_water_1,
          sprint2_near_end_vault_1]

Skill      XL: |  1  2  3  4  5 |
---------------+----------------+-----
Fighting       | 4 5 7 |  7.3
Maces & Flails | 4 5 6 8 |  8.2
Dodging        | 4 5 6 |  6.7

Action                   |  1- 3 |  4- 6 || total
-------------------------+-------+-------++-------
Melee: Mace              |    10 |    46 ||    56
       Punch             |       |     1 ||     1
Invok: Berserk           |       |     1 ||     1
       Trog's Hand       |       |     1 ||     1
  Use: Potion            |     1 |     2 ||     3
Armor: Animal skin       |     2 |     5 ||     7
Dodge: Dodged            |     4 |    18 ||    22

Table legend: (Time is in decaauts)
 A = Elapsed time spent in this place.
 B = Non-inter-level travel time spent in this place.
 C = Inter-level travel time spent in this place.
 D = Time resting spent in this place.
 E = Time spent auto-exploring this place.
 F = Levels seen in this place.
 G = Mean time per level.
                   A        B        C        D        E       F      G
               +--------+--------+--------+--------+--------+-----+--------+
         Total |    152 |    152 |      0 |     65 |      0 |   1 |  152.0 |
       Dungeon |    152 |    152 |      0 |     65 |      0 |   1 |  152.0 |
               +--------+--------+--------+--------+--------+-----+--------+

Top non-repeatable levels by time:
       D: 152 daAuts
